 Dungeon Crawl Stone Soup version 0.31-a0-237-g2d982f9f85 (webtiles) character file.

Game seed: 7783632123350367017

19 qw the Shooter (level 2, 0/16 HPs)
             Began as a Gargoyle Hexslinger on July 10, 2023.
             Slain by Sigmund
             ... wielding a +0 scythe
              (4 damage)
             ... on level 2 of the Dungeon.
             The game lasted 00:00:17 (524 turns).

qw the Shooter (Gargoyle Hexslinger)                 Turns: 524, Time: 00:00:18

Health: 0/16       AC:  4    Str: 11    XL:     2   Next: 75%
Magic:  3/3        EV: 12    Int: 13    God:
Gold:   48         SH:  0    Dex: 12    Spells: 2/3 levels left

rFire   . . .        Y - +2 sling
rCold   . . .        (no shield)
rNeg    + . .        c - +0 robe
rPois   inf          (no helmet)
rElec   +            (no cloak)
rCorr   .            (no gloves)
SInv    .            (no boots)
Will    .....        (no amulet)
Stlth   +            (no ring)
HPRegen 0.22/turn    (no ring)
MPRegen 0.08/turn

%: no passive effects
@: no status effects
A: sickness immunity, AC +2, negative energy resistance 1, electricity
resistance, torment resistance 1, petrification resistance
a: no special abilities


You were on level 2 of the Dungeon.
You visited 1 branch of the dungeon, and saw 2 of its levels.

You collected 48 gold pieces.


Innate Abilities, Weirdness & Mutations

You are immune to sickness and miasma.
Your stone body is resilient. (AC +2)
You are immune to poison.
You resist negative energy. (rN+)
You are resistant to electric shocks. (rElec)
You are resistant to unholy torment.
You are immune to petrification.


   Skills:
 + Level 1.6 Fighting
 - Level 3.0 Ranged Weapons
 - Level 1.5 Dodging
 - Level 1.0 Spellcasting
 - Level 2.6 Hexes


You had 2 spell levels left.
You knew the following spells:

 Your Spells              Type           Power      Damage    Failure   Level
a - Slow                  Hex            28%        N/A       10%         1

Your spell library contained the following spells:

 Spells                   Type           Power      Damage    Failure   Level
 Inner Flame              Hex/Fire       4%         N/A       43%         3
 Portal Projectile        Hex/Tloc       8%         N/A       43%         3
 Cause Fear               Hex            3%         N/A       67%         4

Inventory:

Hand Weapons
 Y - a +2 sling (weapon)
Armour
 c - a +0 robe (worn)
Scrolls
 g - a scroll of identify
Potions
 a - a potion of might {unknown}
 e - a potion of curing
 f - a potion of haste {unknown}

Dungeon Overview and Level Annotations

Branches:
Dungeon (2/15)

Altars:

Annotations:
D:2 Sigmund


Message History

495 ||| FLEEEEING.
496 ||| FLEEEEING.
497 ||| STILL FLEEEEING.
You see here a Grand Grimoire.
498 ||| STILL FLEEEEING.
499 ||| STILL FLEEEEING.
500 ||| STILL FLEEEEING.
501 ||| STILL FLEEEEING.
502 ||| STILL FLEEEEING.
503 ||| FLEEEEING.
504 ||| STILL FLEEEEING.
505 ||| STILL FLEEEEING.
There is a stone staircase leading up here.
506 ||| STAIRDANCE You climb upwards.
There is a stone staircase leading down here.
You start resting.
HP restored.
Done exploring.
(D) Dungeon
Where to? (* - list waypoints, Enter - D:2, ? - help)
What level of the Dungeon? (default 1, ? - help)
You climb downwards.
Level annotation: Sigmund
There is a stone staircase leading up here.
Sigmund is nearby!
You shoot a sling bullet.
The sling bullet closely misses Sigmund.
You shoot a sling bullet. The sling bullet barely misses Sigmund.
Sigmund hits you from afar with a +0 scythe.
You shoot a sling bullet.
The sling bullet closely misses Sigmund.
Sigmund hits you from afar with a +0 scythe!
Ouch! That really hurt!
You shoot a sling bullet. The sling bullet barely misses Sigmund.
Sigmund barely misses you.
You shoot a sling bullet. The sling bullet hits Sigmund.
Sigmund is lightly wounded.
Sigmund hits you with a +0 scythe.
You die...

#######.###
........@.#
#########.#.#
#.......#:#.#
#.....#.#.#..
#.#####.#.#.##>.
..........#.#
...
#######.###.#
....
#......<.@@.#
..$.@
#.###########
###... #.# #.#
#.# #.# #.# #.#
#.#


You could see Sigmund.

Vanquished Creatures
  2 ball pythons
  5 bats (D:1)
  An endoplasm (D:1)
  A hobgoblin (D:1)
  3 kobolds (D:1)
  2 quokkas (D:1)
  A frilled lizard (D:1)
  2 rats (D:1)
17 creatures vanquished.

Notes
Turn   | Place    | Note
-------+----------+-------------------------------------------
     0 | D:1      | qw the Gargoyle Hexslinger began the quest for the Orb.
     0 | D:1      | Reached XP level 1. HP: 12/12 MP: 2/2
     0 | D:1      | 0 ||| qw: Version: 0.3-a-52-g30416fa
     0 | D:1      | 0 ||| qw: Game counter: 5270
     0 | D:1      | 0 ||| qw: Melee chars always use a shield: true
     0 | D:1      | 0 ||| qw: God list: Okawaru
     0 | D:1      | 0 ||| qw: Allow faded altars: false
     0 | D:1      | 0 ||| qw: Do Orc after clearing Dungeon:15 true
     0 | D:1      | 0 ||| qw: Do second Lair branch before Depths: true
     0 | D:1      | 0 ||| qw: Lair rune preference: random
     0 | D:1      | 0 ||| qw: Goals: Normal
     0 | D:1      | 0 ||| PLANNING D:1-11
   102 | D:1      | Reached XP level 2. HP: 16/16 MP: 3/3
   188 | D:1      | Reached skill level 3 in Ranged Weapons
   272 | D:1      | HP: 4/16 [frozen (2)]
   416 | D:1      | 416 ||| READING scroll labelled HOTY RUTO.
   419 | D:1      | 419 ||| READING 2 scrolls labelled HUUBIH DONE.
   420 | D:1      | 420 ||| READING scroll labelled AMEURYE ZUPRE.
   421 | D:1      | 421 ||| DRINKING 2 blue potions.
   422 | D:1      | 422 ||| DROPPING scroll of poison.
   493 | D:2      | Noticed Sigmund
   495 | D:2      | 495 ||| FLEEEEING.
   496 | D:2      | 496 ||| FLEEEEING.
   503 | D:2      | 503 ||| FLEEEEING.
   506 | D:2      | 506 ||| STAIRDANCE
   521 | D:2      | HP: 3/16 [Sigmund/+0 scythe (8)]
   524 | D:2      | Slain by Sigmund

Levels and vault maps discovered:
D:1:      erik_arrival_triangle_small, layout_rooms
D:2:      layout_basic, basic_altar, uniq_sigmund, uniq_natasha

Skill      XL: |  1  2 |
---------------+-------+-----
Ranged Weapons | 3 |  3.0
Fighting       | |  1.6
Dodging        | |  1.5
Spellcasting   | |  1.0
Hexes          | |  2.6

Action                     || total
---------------------------++-------
   Fire: Sling             ||    63
    Use: Scroll            ||     3
         Potion            ||     1
 Armour: Robe              ||     9
  Dodge: Dodged            ||    24

Table legend:
 A = Non-vault XP
 B = Vault XP
 C = Vault XP percentage of total XP
 D = Non-vault monster count
 E = Vault monster count
 F = Vault count percentage of total count
                 A         B        C        D         E       F
            +---------+---------+-------+---------+---------+-------
      Total |      28 |       0 |   0.0 |      17 |       0 |   0.0
            +---------+---------+-------+---------+---------+-------
        D:1 |      26 |       0 |   0.0 |      16 |       0 |   0.0
        D:2 |       2 |       0 |   0.0 |       1 |       0 |   0.0
            +---------+---------+-------+---------+---------+-------
